 Dungeon Crawl Stone Soup version 0.22-a0-825-ga28c36f (webtiles) character file.

152 Kuinu the Firebug (level 5, -6/38 HPs)
             Began as a Draconian Fire Elementalist on July 24, 2018.
             Mangled by an ogre
             ... wielding a +0 giant spiked club
              (23 damage)
             ... on level 4 of the Dungeon.
             The game lasted 00:09:14 (3362 turns).

Kuinu the Firebug (Draconian Fire Elementalist)     Turns: 3362, Time: 00:09:15

Health: -6/38      AC:  5    Str: 10    XL:     5   Next: 11%
Magic:  9/9        EV: 12    Int: 16    God:
Gold:   159        SH:  0    Dex: 12    Spells: 7/10 levels left

rFire    . . .     SeeInvis .   q - +1 falchion (holy)
rCold    . . .     Gourm    .   (no shield)
rNeg     . . .     Faith    .   (armour unavailable)
rPois    .         Spirit   .   (helmet restricted)
rElec    .         Reflect  .   (no cloak)
rCorr    .         Harm     .   (no gloves)
MR       .....                  (no boots)
Stlth    ++........             a - amulet of regeneration
HPRegen  0.52/turn              (no ring)
MPRegen  0.11/turn              (no ring)

@: about to teleport
A: unfitting armour, cold-blooded, AC +5
a: no special abilities


You were on level 4 of the Dungeon.
You were not hungry.

You visited 1 branch of the dungeon, and saw 4 of its levels.

You collected 159 gold pieces.

Inventory:

Hand Weapons
 c - a +0 club
 d - a +0 dagger
 q - a +1 falchion of holy wrath (weapon)
 r - a +0 flail of protection
Jewellery
 a - an amulet of regeneration (around neck)
 m - an uncursed amulet of harm {unknown}
Scrolls
 j - a scroll of blinking {unknown}
 k - 2 scrolls of enchant weapon {unknown}
 l - 4 scrolls of remove curse {unknown}
 p - a scroll of magic mapping {unknown}
Potions
 f - a potion of lignification {unknown}
 n - 2 potions of cancellation {unknown}
 o - a potion of heal wounds {unknown}
Comestibles
 b - 7 rations
 s - 6 chunks of flesh


   Skills:
 - Level 1.7 Dodging
 + Level 2.5 Stealth
 * Level 3.1 Spellcasting
 * Level 2.6 Conjurations
 * Level 4.0 Fire Magic


You had 7 spell levels left.
You knew the following spells:

 Your Spells              Type           Power        Failure   Level  Hunger
a - Flame Tongue          Conj/Fire      ##...        4%          1    None
b - Throw Flame           Conj/Fire      ##....       7%          2    ##.....

Your spell library contained the following spells:

 Spells                   Type           Power        Failure   Level  Hunger
 Fireball                 Conj/Fire      ##........   78%         5    ######.
 Conjure Flame            Conj/Fire      ##......     14%         3    ###....
 Sticky Flame             Conj/Fire      ##......     43%         4    ####...
 Inner Flame              Hex/Fire       #.......     24%         3    ###....


Dungeon Overview and Level Annotations

Branches:
Dungeon (4/15)
 Temple: D:4-7

Altars:
Dithmenos
Elyvilon
Okawaru
Trog
Uskayaw


Innate Abilities, Weirdness & Mutations

Your plain brown scales are hard. (AC +5)
You cannot fit into any form of body armour.
You are cold-blooded and may be slowed by cold attacks.


Message History

You feel sick.
You feel sick.
You are no longer poisoned.
As you read the scroll labeled ICVARRULOU, it crumbles to dust.
The creatures around you are filled with an inner flame!
It was a scroll of immolation.
The ogre hits you with a giant spiked club!!
Ouch! That really hurt!
As you read the scroll labeled JIXUEB XEELA, it crumbles to dust.
You hear a loud clanging noise!
It was a scroll of noise.
As you read the scroll labeled QIMUUG ISIGIMN, it crumbles to dust.
It is a scroll of identify.
i - a scroll of teleportation The ogre closely misses you.
As you read the scroll of teleportation, it crumbles to dust.
You feel strangely unstable.
The ogre hits you with a giant spiked club!!
Ouch! That really hurt!
You die...

##........#(.##...##.)#.
.#..... #..####.....####.
#......##....S.a.........
.##.....#S#######.#######
..................#
###...S..######.##
####Z### #.# ###O###
###.# #...@.# #...#
#.....# #.### #.....# #.#
#.....# #.# #....!# #.#
####### #.# #.# #.###
#...#


You could see an ogre (inner flame), an adder and a bullfrog skeleton (inner
flame).

Vanquished Creatures
  An orc wizard (D:4)
  2 worker ants (D:4)
  2 adders
  A worm (D:2)
  2 dart slugs
  A leopard gecko (D:4)
  5 orcs
  2 giant cockroaches (D:2)
  3 goblins
  4 hobgoblins
  2 jackals (D:3)
  2 quokkas
  3 ball pythons
  2 bats (D:1)
  2 frilled lizards
  9 kobolds
  A leopard gecko skeleton (D:4)
  6 rats
50 creatures vanquished.

Notes
Turn   | Place    | Note
-------+----------+-------------------------------------------
     0 | D:1      | Kuinu the Draconian Fire Elementalist began the quest for the Orb.
     0 | D:1      | Reached XP level 1. HP: 14/14 MP: 3/3
   355 | D:1      | Found an iron altar of Okawaru.
   372 | D:1      | Reached XP level 2. HP: 20/20 MP: 1/5
   376 | D:1      | Learned a level 2 spell: Throw Flame
  1283 | D:2      | Found a shadowy altar of Dithmenos.
  1515 | D:2      | Reached XP level 3. HP: 26/26 MP: 1/6
  1573 | D:2      | Found a hide-covered altar of Uskayaw.
  1616 | D:2      | Found a white marble altar of Elyvilon.
  3016 | D:4      | Reached XP level 4. HP: 33/33 MP: 4/8
  3243 | D:4      | Reached skill level 4 in Fire Magic
  3243 | D:4      | Reached XP level 5. HP: 17/38 MP: 1/9
  3321 | D:4      | Noticed an ogre
  3335 | D:4      | Found a bloodstained altar of Trog.
  3362 | D:4      | Mangled by an ogre

Vault maps used:
D:1:      dpeg_arrival_shrine, serial_bayou, serial_bayou_pond_e,
          serial_bayou_lake_a, serial_bayou_shore_b, serial_bayou_lagoon_a,
          okawaru_ov_weapons_minmay
D:2:      overflow_temple_1_default, nicolae_overflow_hidden_temple,
          first_ration, nicolae_dithmenos_shadow_blocks
D:3:      kiku_gazebo_pond_becter, grunt_temple_overflow_open,
          minmay_misc_feat_diagonals, uniq_natasha, uniq_grinder
D:4:      cheibrodos_barr_body, overflow_temple_1_default, lemuel_blue_sif_altar

Skill      XL: |  1  2  3  4 |
---------------+-------------+-----
Stealth        | 2 |  2.5
Conjurations   | 2 |  2.6
Spellcasting   | 3 |  3.1
Fire Magic     | 4 |  4.0
Dodging        | |  1.7

Action                   |  1- 3 |  4- 6 || total
-------------------------+-------+-------++-------
Melee: Club              |    25 |       ||    25
       Tailslap          |     8 |     1 ||     9
       Dagger            |    27 |       ||    27
       Falchion          |     3 |     8 ||    11
 Cast: Flame Tongue      |    73 |    22 ||    95
  Use: Scroll            |       |     4 ||     4
  Eat: Chunk             |     7 |     2 ||     9
Armor: Skin              |    34 |     9 ||    43
Dodge: Dodged            |    68 |    12 ||    80
       Rpst.: Falchion   |     3 |     7 ||    10

Table legend:
 A = Spawn XP
 B = Non-spawn XP
 C = Spawn XP percentage of total XP
 D = Spawn monster count
 E = Non-spawn monster count
 F = Spawn count percentage of total count
 G = Total turns spent on level
                    A         B        C        D         E        F      G
               +---------+---------+-------+---------+---------+-------+---------
         Total |       0 |     218 |   0.0 |       0 |      50 |   0.0 |  3362
               +---------+---------+-------+---------+---------+-------+---------
           D:1 |       0 |      22 |   0.0 |       0 |      15 |   0.0 |  1277
           D:2 |       0 |      47 |   0.0 |       0 |      16 |   0.0 |  1194
           D:3 |       0 |      17 |   0.0 |       0 |       9 |   0.0 |   515
           D:4 |       0 |     132 |   0.0 |       0 |      10 |   0.0 |   376
               +---------+---------+-------+---------+---------+-------+---------
